Map: Abyssal Reef LE

Players

tchy

  • Race: Terran Terran
  • Spawn Location: 5:00

Yata - Winner!

  • Race: Zerg Zerg
  • League: Gold
  • Spawn Location: 11:00

VOD

Have the link to the VOD?

Description

Time

  • Played on: Sept. 9, 2017, 1:51 p.m.
  • Length: 7:46
Show
View Real Time Build Order
Export as new Build Order

tchy Terran 

Build Orders:  

Get SALT Encoding   

  12  0:03  SCV  
  13  0:15  SCV  
  14  0:21  Supply Depot  
  14  0:38  Refinery  
  14  0:53  Barracks  
  14  1:04  SCV  
  15  1:17  SCV  
  16  1:20  Refinery  
  16  1:29  SCV  
  16  1:32  Supply Depot  
  17  1:41  SCV  
  17  1:45  Marine  
  17  1:46  Bunker  
  19  1:53  SCV  
  20  2:03  Marine  
  20  2:05  SCV  
  20  2:07  Factory  
  22  2:21  Marine  
  23  2:29  Supply Depot  
  23  2:39  Marine  
  24  2:52  Factory Reactor  
  24  2:57  Factory Tech Lab  
  24  3:06  Marine  
  24  3:07  Starport  
  24  3:12  Supply Depot  
  25  3:17  Siege Tank  
  28  3:23  Marine  
  29  3:41  SCV, Marine  
  29  3:46  Starport Tech Lab  
  31  3:53  Supply Depot  
  31  3:59  Marine  
  32  4:17  Marine  
  33  4:27  Cyclone  
  36  4:44  Banshee  
  39  4:59  Cyclone  
  42  5:06  Bunker  
  42  5:11  Barracks Tech Lab  
  42  5:31  Cyclone  
  45  5:40  Engineering Bay  
  45  5:42  Medivac  
  47  5:54  Supply Depot  
  40  6:03  SCV  
  38  6:12  Medivac  
  38  6:15  SCV  
  41  6:24  Marauder  
  43  6:27  SCV  
  44  6:39  SCV  
  45  6:42  Banshee  
  48  6:50  Missile Turret  
  48  6:51  SCV  
  49  7:04  SCV  
  50  7:16  SCV  
  51  7:28  SCV  
Show
View Real Time Build Order
Export as new Build Order

Yata Zerg - Winner!

Build Orders: Hatch First 

Get SALT Encoding   

  12  0:01  Drone  
  13  0:12  Overlord  
  13  0:21  Drone  
  14  0:31  Drone x2  
  14  0:34  Drone  
  17  0:55  Hatchery  
  16  0:57  Drone  
  16  0:59  Drone  
  18  1:11  Extractor  
  18  1:16  Spawning Pool  
  16  1:19  Drone  
  16  1:22  Drone  
  18  1:28  Drone  
  19  1:39  Overlord  
  19  1:49  Drone  
  20  2:00  Drone  
  21  2:03  Queen  
  21  2:06  Queen  
  25  2:12  Zergling x4  
  25  2:15  Metabolic Boost  
  27  2:18  Drone  
  28  2:23  Drone  
  28  2:29  Overlord  
  29  2:33  Drone  
  30  2:44  Drone x2  
  30  2:51  Overlord  
  32  2:58  Baneling Nest  
  31  2:59  Drone  
  31  3:01  Evolution Chamber  
  31  3:13  Pneumatized Carapace  
  31  3:15  Drone x4  
  31  3:16  Drone x2  
  31  3:19  Drone x2  
  39  3:23  Overlord  
  39  3:43  Extractor, Drone x2  
  39  3:44  Drone x2  
  42  3:53  Drone x2  
  44  3:57  Zergling x10  
  47  4:13  Zerg Melee Weapons Level 1  
  47  4:21  Drone x2  
  47  4:22  Extractor x2, Drone  
  47  4:23  Drone x3  
  51  4:30  Lair  
  51  4:40  Hatchery  
  51  4:43  Zergling x4  
  51  4:44  Zergling x12  
  58  4:59  Evolution Chamber  
  57  5:01  Baneling x4  
  57  5:12  Queen  
  59  5:20  Drone  
  60  5:24  Overlord x4  
  60  5:26  Zerg Ground Armor Level 1  
  58  6:15  Drone x14  
  58  6:16  Drone x2  
  74  6:19  Baneling x3  
  74  6:25  Spire  
  73  6:27  Spire  
  73  6:29  Queen  
  73  6:30  Queen  
  76  6:36  Zergling x2  
  76  6:37  Zergling x14  
  82  6:52  Zergling x4  
  82  6:53  Zergling x2  
  84  7:19  Hatchery  
Tags
 
League
Gold
Matchup
TvZ
Replay Pack
Pack 1
Spawn Locations
Cross Positions
Add a new tag
Caveats
  • Supply blocks, unpowered buildings, or Contaminate may cause inaccurate times.
  • Supply counts are checked every 10 seconds.